cohdb
Replays
Latest Replays
All Replays
Popular Replays
Top Player Replays
Match Explorer
How It Works
Community
CoH3 Stats
Reddit
Sign in to upload your games and track your stats! →
Sign in with Steam
Match 27364578
Unlisted
Match 27364578
Overview
Messages
Build Orders
End
Selects Italian Combined Arms Battlegroup
Selects Bersaglieri Squad
Bersaglieri Squad
250 Light Carrier
Bersaglieri Squad
Construct Light Support Kompanie
Bersaglieri Squad
Selects Bersaglieri Bolster
Combat Half-tracks
Bersaglieri Squad
2.5-tonne Medical Truck
Fire Support Elements
Selects Breda Model 30 Light Machine Guns
PigeonMaster®
zenlew
ForestJun
简八王牌阿祖莎
alanalan06
恍神
R19
大祐池酒
0
0
Comments
sign in to comment!
No comments posted yet!